 Dungeon Crawl Stone Soup version 0.31-a0-1612-g4aaf141004 (webtiles) character file.

Game seed: 2628742502467686397

56 gregman the Chopper (level 3, 0/34 HPs)
             Began as a Hill Orc Chaos Knight on Jan 9, 2024.
             Was a Plaything of Xom.
             Slain by a gnoll
             ... wielding a +0 flail
              (1 damage)
             ... on level 2 of the Dungeon.
             The game lasted 00:02:47 (1339 turns).

gregman the Chopper (Hill Orc Chaos Knight)         Turns: 1339, Time: 00:02:49

Health: 0/34       AC:  5    Str: 16    XL:     3   Next: 97%
Magic:  3/3        EV: 11    Int: 12    God:    Xom [...*..]
Gold:   74         SH:  0    Dex: 10    Spells: 2/2 levels left

rFire   . . .        a - +0 hand axe (chaos)
rCold   . . .        (no shield)
rNeg    . . .        b - +2 leather armour
rPois   .            (no helmet)
rElec   .            (no cloak)
rCorr   .            (no gloves)
SInv    .            (no boots)
Will    .....        (no amulet)
Stlth   +            (no ring)
HPRegen 0.25/turn    (no ring)
MPRegen 0.08/turn

%: no passive effects
@: no status effects
A: no striking features
a: Renounce Religion


You were on level 2 of the Dungeon.
You worshipped Xom.
You were a favourite toy of Xom.
You visited 1 branch of the dungeon, and saw 2 of its levels.

You collected 74 gold pieces.

Inventory:

Hand Weapons
 a - a +0 hand axe of chaos (weapon)
Armour
 b - a +2 leather armour (worn)
Scrolls
 c - a scroll of butterflies
 d - a scroll of fog {unknown}
 e - a scroll of revelation {unknown}
 g - a scroll of noise {unknown}
 h - a scroll of teleportation {unknown}
Potions
 f - a potion of brilliance {unknown}
 i - a potion of curing {unknown}


   Skills:
 + Level 4.6 Fighting
 + Level 4.9 Axes
 + Level 2.3 Armour
 + Level 1.2 Dodging


You had 2 spell levels left.
You didn't know any spells.
Your spell library contained the following spells:

 Spells                   Type           Power      Damage    Failure   Level
 Tukima's Dance           Hex            0%         N/A       75%         3
 Passage of Golubria      Tloc           0%         N/A       98%         4
 Yara's Violent Unravell  Hex/Alch       0%         3d3       100%        5


Dungeon Overview and Level Annotations

Branches:
Dungeon (2/15)

Altars:

Shops:
D:1 [*[(   D:2 **?:


Message History

The gnoll misses you.
You slash the gnoll!
The gnoll looks as sick as possible!
The gnoll is almost dead.
You kill the gnoll!
Things that are here:
a +0 halberd; a gnoll corpse A gnoll comes into view.
It is wielding a +0 halberd.
The gnoll shouts!
A gnoll comes into view. It is wielding a +0 club.
A gnoll comes into view. It is wielding a +0 flail.
Things that are here:
a +0 halberd; a gnoll corpse You swap places.
Your kobold zombie barely misses the gnoll.
The gnoll hits your kobold zombie with a +0 halberd!
Your kobold zombie is destroyed!
A frilled lizard comes into view.
Found 3 gold pieces.
The frilled lizard barely misses you.
You barely miss the frilled lizard. The frilled lizard bites you.
You barely miss the frilled lizard.
The frilled lizard bites you but does no damage.
You hit the frilled lizard but do no damage.
The frilled lizard closely misses you.
You hit the frilled lizard.
You kill the frilled lizard!
The gnoll closely misses you. The gnoll hits you with a +0 flail.
The gnoll hits you with a +0 halberd!
* * * LOW HITPOINT WARNING * * *
You slash the gnoll!
The gnoll seems to grow stronger.
The gnoll is severely wounded.
You hit the gnoll. You freeze the gnoll. The gnoll barely misses you. x2
The gnoll misses you.
You closely miss the gnoll.
The gnoll is severely wounded.
You hit the gnoll.
The gnoll appears confused.
The gnoll seems less confused.
The gnoll hits you with a +0 halberd!
* * * LOW HITPOINT WARNING * * *
The gnoll hits you with a +0 flail.
You die...

........# ###.##.##
.......$# #.##...
........# ######.##.#.
........# .........#.
........#######.##.####.
................Z.......
........#######.#######.
......g.# #........# #.
#######@# #........# #.
#g# #........# #. . #.#
#....#...# #. .g.
#.###....#...# #.
.....#######......###...#
##. .....gg.)......####
#...###..
.....#######.#.#
#........ ... #.#.#
###...... . #.#.#
##......


You could see 2 gnolls.

Vanquished Creatures
  A gnoll (D:2)
  A dart slug (D:1)
  A ribbon worm (D:2)
  5 bats
  6 endoplasms
  2 giant cockroaches (D:1)
  4 goblins (D:1)
  3 hobgoblins
  3 kobolds
  2 quokkas (D:1)
  A ball python (D:2)
  3 frilled lizards
  6 rats
38 creatures vanquished.

Vanquished Creatures (collateral kills)
  A dart slug (D:2)
1 creature vanquished.

Vanquished Creatures (others)
  A kobold zombie (D:2)
1 creature vanquished.

Grand Total: 40 creatures vanquished

Notes
Turn   | Place    | Note
-------+----------+-------------------------------------------
     0 | D:1      | gregman the Hill Orc Chaos Knight began the quest for the
                  | Orb.
     0 | D:1      | Reached XP level 1. HP: 19/19 MP: 1/1
     8 | D:1      | Found Jakh's Antique Armour Boutique.
    43 | D:1      | XOM: silly message
   103 | D:1      | Found Togu Zot's Assorted Antiques.
   111 | D:1      | Reached XP level 2. HP: 27/27 MP: 2/2
   202 | D:1      | Found Dudit's Antique Weapon Boutique.
   314 | D:1      | XOM: divination: detect items
   340 | D:1      | XOM: enchant monster (bad)
   357 | D:1      | Reached skill level 1 in Dodging
   381 | D:1      | Found Kujy's Armour Shop.
   392 | D:1      | XOM: polymorph frilled lizard -> giant cockroach
   467 | D:1      | Found Mint's Magic Scroll Boutique.
   515 | D:1      | Reached XP level 3. HP: 31/34 MP: 3/3
  1060 | D:2      | Found Oxosh's Assorted Antiques.
  1150 | D:2      | Found Osowo's Magic Scroll Boutique.
  1243 | D:2      | Found Qiost's Book Shop.
  1263 | D:2      | Found Oprait's General Store.
  1339 | D:2      | HP: 1/34 [gnoll/+0 halberd (8)]
  1339 | D:2      | Slain by a gnoll

Illustrated notes

Levels and vault maps discovered:
D:1:      kennysheep_arrival_forest, layout_basic, serial_shops,
          nicolae_shop_hallway_plus, shop, shop, nicolae_shop_advertising_works
          [nicolae_subvault_shop_adworks], shop_statue
D:2:      layout_basic, serial_shops, nicolae_shop_gibbet_a_chance,
          nicolae_square_shop, nicolae_shop_behind_doors,
          nicolae_shop_back_alley_shop, serial_bayou_pond_d

Skill      XL: |  1  2 |
---------------+-------+-----
Fighting       | 4 |  4.6
Dodging        | 1 |  1.2
Axes           | |  4.9
Armour         | |  2.3

Action                     || total
---------------------------++-------
  Melee: Hand axe          ||    99
         Punch             ||     1
 Armour: Leather armour    ||    67
  Dodge: Dodged            ||    68

Table legend: (Time is in decaauts)
 A = Elapsed time spent in this place.
 B = Non-inter-level travel time spent in this place.
 C = Inter-level travel time spent in this place.
 D = Time resting spent in this place.
 E = Time spent auto-exploring this place.
 F = Levels seen in this place.
 G = Mean time per level.
                   A        B        C        D        E       F      G
               +--------+--------+--------+--------+--------+-----+--------+
         Total |   1346 |   1346 |      0 |      0 |    949 |   2 |  673.0 |
       Dungeon |   1346 |   1346 |      0 |      0 |    949 |   2 |  673.0 |
               +--------+--------+--------+--------+--------+-----+--------+

Top non-repeatable levels by time:
     D:1: 1065 daAuts
     D:2: 280 daAuts
